Match 33544439
Unlisted

Match 33544439
End
Panzergrenadier Squad
Selects Armored Support Battlegroup
Panzergrenadier Squad
Kradschützen Motorcycle Team
Construct Light Support Kompanie
Assault Grenadier Squad
Selects Salvage Kits
Assault Grenadier Squad
Selects Veteran Gunners
Construct Mechanized Kompanie
Panzerjäger Mechanized Group
Selects Panzer Storm
Support Armor Elements
Panzerjäger Squad
StuG III D Assault Gun
Selects Veteran Gunners
StuG III D Assault Gun
Combat Half-tracks
2.5-tonne Medical Truck
StuG III D Assault Gun
Selects Stuka Dive Bomb
Emergency Repair Kits
Stuka Dive Bomb
Construct Panzerarmee Kommand
Stuka Dive Bomb
Cpt.Marco
Chocoboi
Humongous
kurkipotku
DOLPHSTALLONE
Bruistablet
- Xinos -
Professor gibberish
0
0

Comments sign in to comment!

No comments posted yet!